 Dungeon Crawl Stone Soup version 0.30.1-4-g462c640d31 (webtiles) character file.

Game seed: 16640990045919687409

29957 monsoonserge the Fighter (level 13, -9/234 HPs)
             Began as a Demonspawn Monk on Sept 13, 2023.
             Was a Priest of Uskayaw.
             Killed from afar by a bog body (29 damage)
             ... with a bolt of cold
             ... on level 3 of the Lair of Beasts.
             The game lasted 01:00:39 (16351 turns).

monsoonserge the Fighter (Demonspawn Monk)         Turns: 16351, Time: 01:00:39

Health: -9/234     AC: 30    Str: 11    XL:     13   Next: 18%
Magic:  0/19       EV:  2    Int: 15    God:    Uskayaw [***...]
Gold:   1114       SH:  0    Dex: 24    Spells: 12/14 levels left

rFire   . . .        j - +1 short sword (speed)
rCold   . . .        d - orb {light}
rNeg    . . .        T - melded +4 moon troll leather armour {Spirit, Regen++ MP+5}
rPois   +            f - melded +0 helmet
rElec   .            A - melded +0 cloak
rCorr   .            (gloves currently unavailable)
SInv    .            R - melded +0 pair of boots
Will    .....        V - amulet of regeneration Stlth
                     W - +6 ring of dexterity
HPRegen 1.39/turn    l - +4 ring of protection
MPRegen 0.32/turn

%: guardian spirit
@: berserking, tree-form, slowed, glowing
A: stationary, stasis, torment immunity, boosted hp, (molten scales 2), (spiny
1), magic shield, magic regeneration, (weakness stinger 1)
a: Renounce Religion, Stomp, Line Pass


You were on level 3 of the Lair of Beasts.
You worshipped Uskayaw.
Uskayaw was aware of your devotion.
You were a tree.
You visited 3 branches of the dungeon, and saw 16 of its levels.

You collected 1114 gold pieces.

Inventory:

Hand Weapons
 j - a +1 short sword of speed (weapon)
 I - a +1 scimitar of flaming
Missiles
 o - 8 boomerangs (quivered)
 p - 10 boomerangs of dispersal
 r - 2 datura-tipped darts
 K - 10 javelins
 P - 3 curare-tipped darts
 X - 42 poisoned darts
Armour
 d - an orb of light (worn)
 f - a +0 helmet (melded)
 A - a +0 cloak (melded)
 R - a +0 pair of boots (melded)
 T - the +4 moon troll leather armour (melded) {Spirit, Regen++ MP+5}
   (You found it on level 8 of the Dungeon)

   MP:        It affects your magic capacity (+5).
   Regen:     It increases your rate of health regeneration.
Jewellery
 a - a ring of willpower
 g - a ring of protection from fire
 l - a +4 ring of protection (right branch)
 y - a ring of positive energy
 L - a ring of poison resistance
 V - an amulet of regeneration (around neck)
 W - a +6 ring of dexterity (left branch)
Wands
 i - a wand of iceblast (6)
 v - a wand of acid (6)
 B - a wand of polymorph (16)
 M - a wand of flame (22)
 O - a wand of charming (19)
Scrolls
 b - 3 scrolls of magic mapping
 h - 4 scrolls of fear
 m - 6 scrolls of teleportation {unknown}
 n - 3 scrolls of fog
 x - a scroll of silence {unknown}
 G - 2 scrolls of immolation
 N - a scroll of enchant armour {unknown}
 Q - 4 scrolls of vulnerability
 S - 3 scrolls of poison
 Y - 3 scrolls of enchant weapon
Potions
 c - 3 potions of ambrosia
 e - 4 potions of magic
 q - 4 potions of attraction
 s - a potion of heal wounds {unknown}
 t - 5 potions of lignification
 u - 5 potions of mutation
 w - a potion of flight {unknown}
 z - a potion of resistance {unknown}
 C - a potion of experience {unknown}
 D - a potion of cancellation {unknown}
 E - 2 potions of invisibility {unknown}
 F - 2 potions of berserk rage
 H - a potion of might {unknown}
 J - 4 potions of curing
 U - 4 potions of haste
Miscellaneous
 Z - a condenser vane


   Skills:
 + Level 10.6 Fighting
 - Level 9.7(10.0) Short Blades
 - Level 3.0(6.9) Long Blades
 + Level 3.2 Throwing
 - Level 6.0 Armour
 + Level 10.4 Dodging
 + Level 7.4 Stealth
 - Level 1.0 Spellcasting
 - Level 3.0 Translocations
 * Level 9.0 Invocations
 + Level 3.0 Evocations


You had 12 spell levels left.
You knew the following spells:

 Your Spells              Type           Power      Damage    Failure   Level
a - Blink                 Tloc           18%        N/A       11%         2

Your spell library contained the following spells:

 Spells                   Type           Power      Damage    Failure   Level
 Gell's Gravitas          Tloc           9%         N/A       22%         3
 Teleport Other           Tloc           9%         N/A       22%         3
 Freeze                   Ice            0%         1d3       24%         1
 Shock                    Conj/Air       0%         1d3       24%         1
 Manifold Assault         Tloc           9%         N/A       56%         4
 Passage of Golubria      Tloc           9%         N/A       56%         4
 Frozen Ramparts          Ice            0%         1d1       58%         3
 Hailstorm                Conj/Ice       0%         3d3       58%         3
 Ignite Poison            Fire/Tmut/Pois 0%         N/A       58%         3
 Inner Flame              Hex/Fire       0%         N/A       58%         3
 Ozocubu's Armour         Ice            0%         N/A       58%         3
 Stone Arrow              Conj/Erth      0%         3d7       58%         3
 Tukima's Dance           Hex            0%         N/A       58%         3
 Ice Form                 Ice/Tmut       0%         N/A       94%         4
 Sticky Flame             Conj/Fire      0%         2d3       94%         4
 Blade Hands              Tmut           0%         N/A       100%        5
 Irradiate                Conj/Tmut      0%         3d11      100%        5
 Yara's Violent Unravell  Hex/Tmut       0%         3d3       100%        5
 Dispersal                Tloc           4%         N/A       100%        6
 Simulacrum               Ice/Necr       0%         N/A       100%        6
 Dragon Form              Tmut           0%         N/A       100%        7
 Enfeeble                 Hex            0%         N/A       100%        7
 Ozocubu's Refrigeration  Ice            0%         4d7       100%        7
 Storm Form               Tmut/Air       0%         N/A       100%        7
 Ignition                 Fire           0%         3d3       100%        8
 Fire Storm               Conj/Fire      0%         5d1       100%        9


Dungeon Overview and Level Annotations

Branches:
Dungeon (12/15)            Temple (1/1) D:6            Lair (3/5) D:10
  Snake (0/4) Lair:2          Orc (0/2) D:12
  Swamp: Lair:2-3    Shoals: Lair:2-3

Altars:
Ashenzari
Cheibriados
Dithmenos
Fedhas
Gozag
Hepliaklqana
Kikubaaqudgha
Makhleb
Nemelex Xobeh
Okawaru
Qazlal
Ru
Sif Muna
Trog
Uskayaw
Vehumet
Wu Jian
Xom
Yredelemnul

Shops:
D:7 (

Portals:
Abyss: D:3

Annotations:
D:3 2 transporters, Xrynn's ghost, amateur MiFi


Innate Abilities, Weirdness & Mutations

You are a tree.
Your roots penetrate the ground, keeping you stationary.
You cannot be teleported.
You are immune to unholy pain and torment.
Your maximum health is greatly increased.
Your equipment is partially melded.
((You are mostly covered in molten scales. (AC +3)))
((You are partially covered in sharp spines.))
When hurt, damage is shared between your health and your magic reserves.
You regenerate magic rapidly.
((You have a small tail.))


Message History

The bog body is moderately damaged.
The bog body is struck by your spines. The bog body misses you.
The bog body casts a spell at you.
The bolt of cold hits you but does no damage.
The bog body completely misses you.
Uskayaw will force your foes to helplessly watch your dance.
You stomp with the beat, sending a shockwave through the revellers around you!
The bog body is severely damaged. x2
The bog body casts a spell at you. The bolt of cold misses you.
The bog body is struck by your spines. The bog body barely misses you.
An electric eel comes into view.
The bog body gestures at you while chanting.
The bolt of cold hits you!
* * * LOW HITPOINT WARNING * * *
Uskayaw will force your foes to helplessly watch your dance.
Okay, then.
Okay, then.
It was a potion of lignification.
You turn into a tree.
Your +0 cloak melds into your body.
Your +0 helmet melds into your body.
Your +0 pair of boots melds into your body.
The +4 moon troll leather armour {Spirit, Regen++ MP+5} melds into your body.
You feel your magic capacity decrease.
Your roots penetrate the ground.
The bog body gestures at you while chanting.
The bolt of cold hits you!!
* * * LOW HITPOINT WARNING * * *
The bog body touches you but does no damage.
A swamp worm comes into view.
The bog body casts a spell at you.
You feel as though you will be slow longer.
Okay, then.
Press: ? - help, v - describe, . - travel
Here: a bog body (severely damaged, haloed)
The floor.
It was a potion of berserk rage.
A red film seems to cover your vision as you go berserk!
You feel yourself moving faster!
You feel mighty! The bog body casts a spell at you. The bolt of cold hits you!!
You die...

...## #.♣..♣.P#.# ####
♣..♣..#.# ...#
♣♣..♣♣.#.## ...###
♣~♣.≈♣....# ...#.#####
♣~..~♣...## ......#..##
♣~♣.≈♣...# ..........#
♣~..♣♣...##
...#...#..##♣♣~.♣°♣♣...##
...#........♣♣~n♣♣♣♣..#.#
..P#........♣♣~n.~♣♣...##
.......#..#♣♣♣~..~♣♣..P#
.###.#.....#♣♣≈..≈♣♣..##
.##.........♣♣≈..~♣♣.##
.....#≈##...♣♣≈.♣~♣♣..#
....≈≈≈≈#..♣♣♣§§≈♣♣.##
..§#≈≈≈...♣♣S§ ≈♣.##
#..#≈§≈#...♣ ♣.#


You could see 2 bog bodies and an electric eel.

Vanquished Creatures
  A catoblepas (Lair:3)
  Erica (D:11)
  3 hydras
  A boulder beetle (Lair:2)
  3 two-headed ogres
  Urug (Lair:2)
  A bog body (Lair:3)
  2 cyclopes
  A salamander (Lair:2)
  2 ugly things (D:11)
  An oklob plant (Lair:1)
  5 elephants (Lair:1)
  Joseph (D:7)
  2 rust devils (D:8)
  A gargoyle (D:11)
  7 cane toads
  Maggie (Lair:2)
  2 kobold demonologists (D:8)
  8 komodo dragons
  A polar bear (Lair:2)
  2 trolls
  7 blink frogs (Lair:2)
  5 slime creatures
  2 shadows
  3 wyverns
  2 basilisks (Lair:2)
  21 yaks
  2 steam dragons
  7 vampire mosquitoes (D:10)
  Menkaure (D:6)
  A swamp worm (Lair:3)
  4 wargs (D:12)
  An acid dragon (D:9)
  9 water moccasins
  4 orc warriors
  A black bear (D:7)
  4 ice beasts
  2 sky beasts
  2 centaurs
  An ogre (D:4)
  3 kobold brigands
  6 scorpions
  11 bullfrogs
  4 wights
  7 killer bees (D:11)
  3 lava snakes (Lair:2)
  Crazy Yiuf (D:2)
  4 hounds
  5 orc priests
  A gnoll bouda (D:10)
  2 jellies
  2 iguanas (D:5)
  Terence (D:2)
  9 orc wizards
  Robin (D:2)
  11 gnolls
  3 adders
  2 ufetubi
  An adder zombie (D:2)
  2 dart slugs (D:1)
  39 orcs
  7 bats
  A bat zombie (D:2)
  7 endoplasms
  2 giant cockroaches
  9 goblins
  13 hobgoblins
  8 jackals
  3 quokkas
  7 ball pythons
  9 frilled lizards
  20 kobolds
  A quokka skeleton (D:2)
  7 rats
  2 butterflies (Lair:2)
340 creatures vanquished.

Notes
Turn   | Place    | Note
-------+----------+-------------------------------------------
     0 | D:1      | monsoonserge the Demonspawn Monk began the quest for the
                  | Orb.
     0 | D:1      | Reached XP level 1. HP: 18/18 MP: 1/1
   172 | D:1      | Gained mutation: You are partially covered in molten
                  | scales. (AC +2) [demonic ancestry]
   172 | D:1      | Reached XP level 2. HP: 24/24 MP: 2/2
   464 | D:1      | Gained mutation: You are mostly covered in molten scales.
                  | (AC +3) [demonic ancestry]
   464 | D:1      | Reached XP level 3. HP: 29/29 MP: 3/3
   816 | D:2      | Noticed Terence
   840 | D:2      | Killed Terence
   841 | D:2      | Reached skill level 1 in Short Blades
   841 | D:2      | Reached XP level 4. HP: 32/35 MP: 4/4
   897 | D:2      | Identified the +3 leather armour "Rasauwe" {*Slow Str+2
                  | Dex+6 Stlth+}
   952 | D:2      | Found a shimmering blue altar of Sif Muna.
  1173 | D:2      | Got the Lessons on the Harmful Crevasse
  1698 | D:2      | Noticed Robin
  1731 | D:2      | Killed Robin
  2034 | D:2      | Found a runed translucent door.
  2035 | D:2      | Noticed Crazy Yiuf
  2224 | D:3      | Reached XP level 5. HP: 34/42 MP: 5/5
  2359 | D:3      | Found a transporter.
  2373 | D:3      | Found a transporter.
  2373 | D:3      | Found a one-way gate to the infinite horrors of the Abyss.
  2373 | D:3      | Noticed Xrynn's ghost (amateur MiFi)
  3258 | D:2      | Killed Crazy Yiuf
  3259 | D:2      | Reached skill level 1 in Armour
  3768 | D:3      | Gained mutation: You have a small tail. [demonic ancestry]
  3768 | D:3      | Reached XP level 6. HP: 36/48 MP: 6/6
  4394 | D:5      | Entered Level 5 of the Dungeon
  4587 | D:5      | Noticed an ice beast
  4598 | D:4      | Gained mutation: You regenerate magic rapidly. [demonic
                  | ancestry]
  4598 | D:4      | Reached XP level 7. HP: 24/55 MP: 7/7
  5228 | D:5      | Reached skill level 5 in Fighting
  5313 | D:5      | Reached skill level 5 in Short Blades
  5313 | D:5      | Reached XP level 8. HP: 46/62 MP: 8/8
  6568 | D:6      | Noticed Menkaure
  6577 | D:6      | Killed Menkaure
  6876 | D:6      | Found a shimmering blue altar of Sif Muna.
  7408 | D:7      | Learned a level 2 spell: Blink
  7444 | D:7      | Reached skill level 1 in Stealth
  7444 | D:7      | Gained mutation: You are partially covered in sharp spines.
                  | [demonic ancestry]
  7444 | D:7      | Reached XP level 9. HP: 51/70 MP: 9/9
  7647 | D:7      | Reached skill level 1 in Spellcasting
  7768 | D:7      | Found a sparkling altar of Nemelex Xobeh.
  7823 | D:7      | Found Ofocleub's Weapon Shop.
  7832 | D:7      | Reached skill level 5 in Dodging
  7832 | D:7      | Reached skill level 1 in Translocations
  7936 | D:7      | Reached skill level 1 in Evocations
  8029 | D:7      | Noticed Joseph
  8040 | D:7      | Killed Joseph
  8178 | D:8      | Found a shadowy altar of Dithmenos.
  8187 | D:8      | Found the +4 moon troll leather armour {Spirit, Regen++
                  | MP+5}
  8336 | D:8      | Noticed a kobold demonologist
  8354 | D:8      | Noticed a rust devil
  8367 | D:8      | Killed a kobold demonologist
  8418 | D:7      | Noticed a rust devil
  8418 | D:7      | Noticed a rust devil
  8428 | D:8      | Noticed a kobold demonologist
  8556 | D:8      | Killed a rust devil
  8697 | D:8      | Killed a kobold demonologist
  8698 | D:8      | Reached XP level 10. HP: 73/79 MP: 11/11
  9046 | D:8      | Killed a rust devil
  9080 | D:8      | Reached skill level 1 in Throwing
  9971 | D:9      | Reached skill level 5 in Armour
 10397 | D:10     | Entered Level 10 of the Dungeon
 10547 | D:10     | Found a staircase to the Lair.
 10681 | D:10     | Identified the +5 eveningstar of Uluu {antimagic, rN+
                  | Dex+5}
 11028 | D:6      | Found a staircase to the Ecumenical Temple.
 11033 | Temple   | Entered the Ecumenical Temple
 11090 | Temple   | Became a worshipper of Uskayaw the Reveller
 11090 | Temple   | Reached * piety under Uskayaw
 11165 | D:10     | Reached ** piety under Uskayaw
 11167 | D:10     | Reached *** piety under Uskayaw
 11297 | D:10     | Noticed a two-headed ogre
 11310 | D:10     | Killed a two-headed ogre
 11311 | D:10     | Reached skill level 1 in Invocations
 11311 | D:10     | Reached XP level 11. HP: 80/87 MP: 9/12
 11491 | D:10     | Noticed a two-headed ogre
 11512 | D:10     | Killed a two-headed ogre
 11523 | D:10     | Reached **** piety under Uskayaw
 11525 | D:10     | Reached ***** piety under Uskayaw
 11974 | D:11     | Noticed a two-headed ogre
 11988 | D:11     | Killed a two-headed ogre
 12007 | D:11     | Noticed a red ugly thing
 12022 | D:11     | Killed a red ugly thing
 12193 | D:11     | Noticed Erica
 12205 | D:11     | Killed Erica
 12886 | D:12     | Reached skill level 5 in Invocations
 13037 | D:12     | Found a staircase to the Orcish Mines.
 13124 | D:12     | Noticed a cyan ugly thing
 13139 | D:11     | Killed a cyan ugly thing
 13194 | D:12     | Reached skill level 5 in Stealth
 13428 | D:12     | Reached XP level 12. HP: 96/96 MP: 16/16
 13731 | Lair:1   | Entered Level 1 of the Lair of Beasts
 14961 | Lair:2   | Reached skill level 10 in Fighting
 14961 | Lair:2   | Noticed Urug
 14970 | Lair:2   | Noticed Maggie
 14972 | Lair:2   | Noticed a boulder beetle
 14987 | Lair:2   | Killed Maggie
 14987 | Lair:2   | Killed Urug
 15090 | Lair:2   | Killed a boulder beetle
 15091 | Lair:2   | Reached skill level 10 in Dodging
 15137 | Lair:2   | Noticed a five-headed hydra
 15154 | Lair:2   | Killed a five-headed hydra
 15163 | Lair:2   | Reached ****** piety under Uskayaw
 15223 | Lair:2   | Noticed an eight-headed hydra
 15231 | Lair:2   | Killed an eight-headed hydra
 15443 | Lair:2   | Gained mutation: When hurt, damage is shared between your
                  | health and your magic reserves. [demonic ancestry]
 15443 | Lair:2   | Reached XP level 13. HP: 104/104 MP: 19/19
 15599 | Lair:2   | Found a staircase to the Snake Pit.
 16351 | Lair:3   | Killed from afar by a bog body

Illustrated notes

Levels and vault maps discovered:
D:1:      amcnicky_arrival_wind_blow, layout_loops_ring,
          corexii_item_surrounded_by_moat, minmay_misc_feat_diagonals
D:2:      minmay_alternating_diamond, layout_basic, basic_altar, serial_undead,
          serial_undead_c, serial_undead_c, serial_undead_d, serial_undead_e,
          minmay_misc_feat_more_columns, supply_closet_lemuel,
          minmay_gold_behind_fungi, serial_bayou_lagoon_a,
          chequers_decorated_corner, uniq_terence, uniq_crazy_yiuf_cottage,
          uniq_robin
D:3:      minmay_spotlight, layout_basic, gammafunk_ghost_abyssal_escape
D:4:      layout_rooms
D:5:      layout_rooms, guppyfry_early_lair_pool
D:6:      layout_layer_cave, mainiacjoe_overflow_alcove_1,
          minmay_temple_entry_from_below_a, uniq_menkaure
D:7:      cheibrodos_iron_armory, layout_loops_cross,
          mainiacjoe_overflow_24_doors, serial_shops,
          nicolae_shop_advertising_works [nicolae_subvault_shop_adworks],
          eino_curves_04, uniq_joseph
D:8:      layout_rooms, nicolae_dithmenos_the_darkroom
D:9:      layout_layer_cave
D:10:     layout_stronghold, due_lair_maze_entry_diamond, hex_tiny,
          lightli_minifort
D:11:     layout_long_grid, uniq_erica
D:12:     layout_stronghold, minmay_orc_entry_guard_dogs
Temple:   hellmonk_temple_of_storms
Lair:1:   layout_regular_city, minmay_lair_oklob_items
Lair:2:   layout_roguey, nicolae_snake_entry_warm_welcome, lemuel_fruit_fields,
          uniq_urug, uniq_maggie
Lair:3:   layout_gridlike, nicolae_swamp_entry_splash_gauntlet,
          lemuel_fruit_fields, grunt_megastairs_3, infiniplex_staircase_pool_2,
          lemuel_fruit_tree

Skill      XL: |  1  2  3  4  5  6  7  8  9 10 11 12 13 |
---------------+----------------------------------------+-----
Long Blades    | 3 |  3.0
Dodging        | 3 4 6 7 8 10 | 10.4
Short Blades   | 1 2 3 5 6 7 9 |  9.7
Armour         | 2 3 4 5 6 |  6.0
Fighting       | 4 5 6 7 8 9 10 | 10.6
Stealth        | 1 2 5 7 |  7.4
Spellcasting   | 1 |  1.0
Translocations | 2 3 |  3.0
Evocations     | 2 3 |  3.0
Throwing       | 1 2 3 |  3.2
Invocations    | 1 6 8 9 |  9.0

Action                     |  1- 3 |  4- 6 |  7- 9 | 10-12 | 13-15 || total
---------------------------+-------+-------+-------+-------+-------++-------
  Melee: Falchion          |    38 |       |       |       |       ||    38
         Short sword       |    81 |   341 |   113 |   527 |    83 ||  1145
         Tailslap          |       |    20 |   112 |   248 |    30 ||   410
         Dagger            |       |       |   372 |   401 |       ||   773
  Throw: Boomerang         |       |     4 |       |     6 |       ||    10
         Dart              |       |       |     6 |    21 |       ||    27
   Cast: Blink             |       |       |     1 |     1 |       ||     2
 Invoke: Line Pass         |       |       |       |    10 |       ||    10
         Stomp             |       |       |       |    45 |    12 ||    57
  Evoke: Wand              |       |       |    10 |     2 |       ||    12
    Use: Scroll            |       |       |       |    16 |       ||    16
         Potion            |       |       |       |       |     2 ||     2
   Stab: Paralysed         |       |       |       |    19 |     1 ||    20
         Confused          |       |       |       |     3 |       ||     3
         Sleeping          |       |       |       |     1 |       ||     1
 Armour: Robe              |    18 |       |       |       |       ||    18
         Ring mail         |    16 |       |       |       |       ||    16
         Scale mail        |       |   130 |    88 |       |       ||   218
         Steam dragon scal |       |       |    28 |       |       ||    28
         Troll leather arm |       |       |    30 |   150 |    15 ||   195
         Skin              |       |       |       |       |     1 ||     1
  Dodge: Dodged            |    73 |   124 |   190 |   454 |    46 ||   887
